AoeStats
← SlowBoy

Arabia

506555084Analyzed
1v1 RM · 18d ago on Sep 14, 2026· 18m 18s· 2 players
Game mode
Random Map
Map size
Tiny (2 player)
Population
200
Speed
Normal
Resources
Standard
Victory
Conquest
Starting age
Dark Age
Ending age
Imperial Age
RankedLock teamsTeams togetherTeam positionsShared explorationLock speedFull tech treeHidden civsTurbo modeCheats
Victory
Defeat
🇧🇷 Vietnamese · Brazil
1720
+14
🇩🇴 Dravidians · Dominican Republic
1671
-14
RD | El_Zapatero22
6:31 Loom
8:53 Feudal Age
9:04 Man-at-Arms
10:40 Arson
13:47 Fletching
17:42 Padded Archer Armor
SlowBoy
6:32 Loom
9:56 Feudal Age
10:38 Double-Bit Axe
10:54 Horse Collar
13:40 Fletching
15:04 Padded Archer Armor
18:34 Gold Mining
Connection lost

Rejoining the realm…

Still unreachable

The connection could not be restored.

Session expired

The server has moved on; the page needs a fresh start.